TOP OF THE 1ST |
---|
Baffin Island Beavers batting - Pitching for Pocatello Bellas : RHP Kevin Bush | Pitching: RHP Kevin Bush | | Batting: RHB Alden Isenhood | 0-0: Called Strike 0-1: Ball 1-1: Ball 2-1: Swinging Strike 2-2: Foul Ball, location: 2F 2-2: Strikes out looking | Batting: RHB Tony Morton | 0-0: Called Strike 0-1: Swinging Strike 0-2: Ball 1-2: Foul Ball, location: 2F 1-2: Ball 2-2: Reached on error, E6 (Groundball, 6M) | Batting: LHB Lorenzo Villa | 0-0: Called Strike Tony Morton steals 3rd base 0-1: Ball 1-1: Ground out U3 (Groundball, 3) | Batting: RHB Dave Craig | 0-0: Fly out, F3 (Popup, 3F) | Top of the 1st over - 0 runs, 0 hits, 1 error, 1 left on base; Baffin Island 0 - Pocatello 0 | BOTTOM OF THE 1ST |
---|
Pocatello Bellas batting - Pitching for Baffin Island Beavers : RHP Luis Vargas | Pitching: RHP Luis Vargas | | Batting: RHB Francisco Ibarra | 0-0: DOUBLE (Line Drive, 9LD) | Batting: LHB Keith Beard | 0-0: Ball 1-0: Ball 2-0: Called Strike 2-1: Ground out U3 (Groundball, 3L) Francisco Ibarra to third | Batting: SHB Shane Hutchinson | 0-0: Ball 1-0: Ball 2-0: Foul Ball, location: 2F 2-1: Foul Ball, location: 2F 2-2: Foul Ball, location: 2F 2-2: Ball 3-2: Foul Ball, location: 2F 3-2: Foul Ball, location: 2F 3-2: Foul Ball, location: 2F 3-2: Foul Ball, location: 2F 3-2: Foul Ball, location: 2F 3-2: Foul Ball, location: 2F 3-2: SINGLE (Groundball, 34D) Francisco Ibarra scores | Batting: RHB Marlon Phipps | 0-0: Ball 1-0: Ball 2-0: 2-RUN HOME RUN (Flyball, 9D), Distance : 390 ft | Batting: LHB Ray Bryant | 0-0: Ball 1-0: Swinging Strike 1-1: Foul Ball, location: 2F 1-2: Ball 2-2: Strikes out swinging | Batting: RHB Juan Rodríguez | 0-0: Ball 1-0: Foul Ball, location: 2F 1-1: Swinging Strike 1-2: Fly out, F9 (Flyball, 9S) | Bottom of the 1st over - 3 runs, 3 hits, 0 errors, 0 left on base; Baffin Island 0 - Pocatello 3 | TOP OF THE 2ND |
---|
Baffin Island Beavers batting - Pitching for Pocatello Bellas : RHP Kevin Bush | Batting: LHB Norberto Muñóz | 0-0: Called Strike 0-1: Swinging Strike 0-2: Foul Ball, location: 2F 0-2: Strikes out swinging | Batting: LHB Howard Evans | 0-0: Ball 1-0: Fly out, F8 (Flyball, 89D) | Batting: LHB César Valentín | 0-0: Called Strike 0-1: Foul Ball, location: 2F 0-2: Strikes out swinging | Top of the 2nd over - 0 runs, 0 hits, 0 errors, 0 left on base; Baffin Island 0 - Pocatello 3 | BOTTOM OF THE 2ND |
---|
Pocatello Bellas batting - Pitching for Baffin Island Beavers : RHP Luis Vargas | Batting: SHB Nick Cox | 0-0: Foul Ball, location: 2F 0-1: Called Strike 0-2: Strikes out swinging | Batting: RHB Morgan Gibbon | 0-0: Ball 1-0: Ball 2-0: Ball 3-0: Base on Balls | Batting: LHB Keng-chi Lao | 0-0: Swinging Strike 0-1: Grounds into double play, 4-6-3 (Groundball, 4) | Bottom of the 2nd over - 0 runs, 0 hits, 0 errors, 0 left on base; Baffin Island 0 - Pocatello 3 | TOP OF THE 3RD |
---|
Baffin Island Beavers batting - Pitching for Pocatello Bellas : RHP Kevin Bush | Batting: RHB Felipe Rivera | 0-0: Called Strike 0-1: Swinging Strike 0-2: Strikes out swinging | Batting: RHB Pedro Molina | 0-0: Ball 1-0: Ball 2-0: Swinging Strike 2-1: Ball 3-1: Ground out 5-3 (Groundball, 56S) | Batting: RHB Alden Isenhood | 0-0: Ball 1-0: Swinging Strike 1-1: Ball 2-1: Ball 3-1: Called Strike 3-2: Foul Ball, location: 2F 3-2: SINGLE (Line Drive, 89S) | Batting: RHB Tony Morton | 0-0: Ball Alden Isenhood steals 2nd base 1-0: Called Strike 1-1: Foul Ball, location: 2F 1-2: Ball 2-2: Ball 3-2: Fly out, F9 (Flyball, 9) | Top of the 3rd over - 0 runs, 1 hit, 0 errors, 1 left on base; Baffin Island 0 - Pocatello 3 | BOTTOM OF THE 3RD |
---|
Pocatello Bellas batting - Pitching for Baffin Island Beavers : RHP Luis Vargas | Batting: RHB Francisco Ibarra | 0-0: Called Strike 0-1: Ball 1-1: Called Strike 1-2: Ball 2-2: Ground out 6-3 (Groundball, 6) | Batting: LHB Keith Beard | 0-0: Called Strike 0-1: Swinging Strike 0-2: Ground out U3 (Groundball, 3S) | Batting: SHB Shane Hutchinson | 0-0: SOLO HOME RUN (Flyball, 9LD), Distance : 367 ft | Batting: RHB Marlon Phipps | 0-0: Ball 1-0: Foul Ball, location: 2F 1-1: Ball 2-1: Fly out, F9 (Flyball, 89S) | Bottom of the 3rd over - 1 run, 1 hit, 0 errors, 0 left on base; Baffin Island 0 - Pocatello 4 | TOP OF THE 4TH |
---|
Baffin Island Beavers batting - Pitching for Pocatello Bellas : RHP Kevin Bush | Batting: LHB Lorenzo Villa | 0-0: Ball 1-0: Called Strike 1-1: Ball 2-1: Ball 3-1: Called Strike 3-2: SINGLE (Groundball, 4MD) | Batting: RHB Dave Craig | 0-0: Called Strike 0-1: Foul Ball, location: 2F 0-2: Ball 1-2: Ground out 5-3 (Groundball, 5S) Lorenzo Villa to second | Batting: LHB Norberto Muñóz | 0-0: Ball 1-0: Ball 2-0: Ball 3-0: Called Strike 3-1: Called Strike 3-2: Foul Ball, location: 2F 3-2: Foul Ball, location: 2F 3-2: Base on Balls | Batting: LHB Howard Evans | 0-0: Foul Ball, location: 2F 0-1: Fielders Choice at 2nd, 1-6 (Groundball, 13S) Lorenzo Villa to third | Batting: LHB César Valentín | 0-0: 3-RUN HOME RUN (Flyball, 9LD), Distance : 371 ft | Batting: RHB Tomás Díaz | 0-0: SINGLE (Line Drive, 5D) | Batting: RHB Pedro Molina | 0-0: Foul Ball, location: 2F 0-1: Ball 1-1: Ball Wild Pitch! Tomás Díaz to second 2-1: Foul Ball, location: 2F 2-2: Strikes out looking | Top of the 4th over - 3 runs, 3 hits, 0 errors, 1 left on base; Baffin Island 3 - Pocatello 4 | BOTTOM OF THE 4TH |
---|
Pocatello Bellas batting - Pitching for Baffin Island Beavers : RHP Luis Vargas | Now in RF: Tomás Díaz | | Batting: LHB Ray Bryant | 0-0: Foul Ball, location: 2F 0-1: Swinging Strike 0-2: Ball 1-2: Strikes out swinging | Batting: RHB Juan Rodríguez | 0-0: Ball 1-0: Called Strike 1-1: Ball 2-1: Foul Ball, location: 2F 2-2: Foul Ball, location: 2F 2-2: Ground out 5-3 (Groundball, 56) | Batting: SHB Nick Cox | 0-0: Ball 1-0: Ground out U3 (Groundball, 3S) | Bottom of the 4th over - 0 runs, 0 hits, 0 errors, 0 left on base; Baffin Island 3 - Pocatello 4 | TOP OF THE 5TH |
---|
Baffin Island Beavers batting - Pitching for Pocatello Bellas : RHP Kevin Bush | Batting: RHB Alden Isenhood | 0-0: Ball 1-0: Ball 2-0: Ball 3-0: Ground out 4-3 (Groundball, 4) | Batting: RHB Tony Morton | 0-0: Called Strike 0-1: Called Strike 0-2: Ball 1-2: Strikes out swinging | Batting: LHB Lorenzo Villa | 0-0: Ball 1-0: Foul Ball, location: 2F 1-1: Foul Ball, location: 2F 1-2: SINGLE (Groundball, 34D) | Batting: RHB Dave Craig | 0-0: Called Strike 0-1: Called Strike 0-2: Ball 1-2: Ball 2-2: Ball 3-2: Foul Ball, location: 2F 3-2: Foul Ball, location: 2F 3-2: Ground out 5-3 (Groundball, 5L) | Top of the 5th over - 0 runs, 1 hit, 0 errors, 1 left on base; Baffin Island 3 - Pocatello 4 | BOTTOM OF THE 5TH |
---|
Pocatello Bellas batting - Pitching for Baffin Island Beavers : RHP Luis Vargas | Pitching: RHP Colm Stewart | | Batting: RHB Morgan Gibbon | 0-0: Called Strike 0-1: Ball 1-1: Foul Ball, location: 2F 1-2: Ball 2-2: Ball 3-2: Foul Ball, location: 2F 3-2: Foul Ball, location: 2F 3-2: Foul Ball, location: 2F 3-2: Fly out, F4 (Popup, 4M) | Batting: LHB Keng-chi Lao | 0-0: Called Strike 0-1: Foul Ball, location: 2F 0-2: Ball 1-2: Strikes out looking | Batting: RHB Francisco Ibarra | 0-0: Ball 1-0: Called Strike 1-1: Foul Ball, location: 2F 1-2: Ball 2-2: Strikes out looking | Bottom of the 5th over - 0 runs, 0 hits, 0 errors, 0 left on base; Baffin Island 3 - Pocatello 4 | TOP OF THE 6TH |
---|
Baffin Island Beavers batting - Pitching for Pocatello Bellas : RHP Kevin Bush | Batting: LHB Norberto Muñóz | 0-0: Ball 1-0: Swinging Strike 1-1: Ball 2-1: Swinging Strike 2-2: Foul Ball, location: 2F 2-2: Ball 3-2: Strikes out looking | Batting: LHB Howard Evans | 0-0: Foul Ball, location: 2F 0-1: Fly out, F7 (Flyball, 7LDF) | Batting: LHB César Valentín | 0-0: Called Strike 0-1: Ground out 6-3 (Groundball, 6) | Top of the 6th over - 0 runs, 0 hits, 0 errors, 0 left on base; Baffin Island 3 - Pocatello 4 | BOTTOM OF THE 6TH |
---|
Pocatello Bellas batting - Pitching for Baffin Island Beavers : RHP Colm Stewart | Batting: LHB Keith Beard | 0-0: Called Strike 0-1: Ball 1-1: Foul Ball, location: 2F 1-2: Strikes out looking | Batting: SHB Shane Hutchinson | 0-0: Ground out 4-3 (Groundball, 4M) | Batting: RHB Marlon Phipps | 0-0: Called Strike 0-1: Foul Ball, location: 2F 0-2: Ball 1-2: Fly out, F4 (Line Drive, 4) | Bottom of the 6th over - 0 runs, 0 hits, 0 errors, 0 left on base; Baffin Island 3 - Pocatello 4 | TOP OF THE 7TH |
---|
Baffin Island Beavers batting - Pitching for Pocatello Bellas : RHP Kevin Bush | Batting: RHB Tomás Díaz | 0-0: Called Strike 0-1: Ball 1-1: Called Strike 1-2: Ball 2-2: Strikes out looking | Batting: RHB Pedro Molina | 0-0: Ball 1-0: Called Strike 1-1: Ball 2-1: Foul Ball, location: 2F 2-2: Strikes out swinging | Batting: RHB Alden Isenhood | 0-0: Swinging Strike 0-1: Ball 1-1: Foul Ball, location: 2F 1-2: Ground out 5-3 (Groundball, 56) | Top of the 7th over - 0 runs, 0 hits, 0 errors, 0 left on base; Baffin Island 3 - Pocatello 4 | BOTTOM OF THE 7TH |
---|
Pocatello Bellas batting - Pitching for Baffin Island Beavers : RHP Colm Stewart | Pitching: LHP Roberto Barrón | | Batting: LHB Ray Bryant | 0-0: Ball 1-0: Swinging Strike 1-1: Foul Ball, location: 2F 1-2: Foul Ball, location: 2F 1-2: Strikes out swinging | Pitching: RHP Beau Brown | | Batting: RHB Juan Rodríguez | 0-0: Ball 1-0: Fly out, F3 (Popup, 3SF) | Batting: SHB Nick Cox | 0-0: Ball 1-0: Swinging Strike 1-1: Swinging Strike 1-2: Fly out, F7 (Flyball, 78S) | Bottom of the 7th over - 0 runs, 0 hits, 0 errors, 0 left on base; Baffin Island 3 - Pocatello 4 | TOP OF THE 8TH |
---|
Baffin Island Beavers batting - Pitching for Pocatello Bellas : RHP Kevin Bush | Pitching: RHP Bud Baldwin | | Batting: RHB Tony Morton | 0-0: Ball 1-0: Foul Ball, location: 2F 1-1: Swinging Strike 1-2: Ball 2-2: Ground out 4-3 (Groundball, 4) | Batting: LHB Lorenzo Villa | 0-0: Ball 1-0: Called Strike 1-1: Fly out, F9 (Flyball, 89D) | Batting: RHB Dave Craig | 0-0: Called Strike 0-1: Ball 1-1: Foul Ball, location: 2F 1-2: Ball 2-2: Foul Ball, location: 2F 2-2: Foul Ball, location: 2F 2-2: Strikes out swinging | Top of the 8th over - 0 runs, 0 hits, 0 errors, 0 left on base; Baffin Island 3 - Pocatello 4 | BOTTOM OF THE 8TH |
---|
Pocatello Bellas batting - Pitching for Baffin Island Beavers : RHP Beau Brown | Batting: RHB Morgan Gibbon | 0-0: Ball 1-0: Ball 2-0: Ball 3-0: Base on Balls | Pinch Runner at 1st Tomás Carranza: | | Batting: LHB Keng-chi Lao | 0-0: Called Strike 0-1: Called Strike Tomás Carranza steals 2nd base 0-2: Ground out U3 (Groundball, 34) Tomás Carranza to third | Batting: RHB Francisco Ibarra | 0-0: Ball 1-0: Foul Ball, location: 2F 1-1: Ball 2-1: Ball 3-1: Base on Balls | Batting: LHB Keith Beard | 0-0: Ball 1-0: Fly out, F3 (Popup, 3SF) | Batting: SHB Shane Hutchinson | 0-0: Ball Francisco Ibarra is caught stealing 2nd base | Bottom of the 8th over - 0 runs, 0 hits, 0 errors, 1 left on base; Baffin Island 3 - Pocatello 4 | TOP OF THE 9TH |
---|
Baffin Island Beavers batting - Pitching for Pocatello Bellas : RHP Bud Baldwin | Now at SS: Francisco Sandoval | | Batting: LHB Norberto Muñóz | 0-0: Ball 1-0: Foul Ball, location: 2F 1-1: Ball 2-1: Ball 3-1: Ground out 4-3 (Groundball, 34D) | Batting: LHB Howard Evans | 0-0: SINGLE (Line Drive, 6D) | Batting: LHB César Valentín | 0-0: SINGLE (Flyball, 78S) Howard Evans to second | Batting: RHB Tomás Díaz | 0-0: Called Strike 0-1: Ball 1-1: Called Strike 1-2: Ball 2-2: SINGLE (Flyball, 8LS) Howard Evans to third César Valentín to second | Batting: RHB Pedro Molina | 0-0: Ball 1-0: Fly out, F6 (Popup, 15) | Batting: RHB Alden Isenhood | 0-0: Ball 1-0: Swinging Strike 1-1: Ground out 1-3 (Groundball, 15S) | Top of the 9th over - 0 runs, 3 hits, 0 errors, 3 left on base; Baffin Island 3 - Pocatello 4 | |